[Event "Late-Titled-Tuesday-Blitz-April-02-2024"]
[Site "Chess.com"]
[Date "2024.04.02"]
[Round "4"]
[White "Meri-Arabidze"]
[Black "vova-79"]
[Result "1-0"]
[WhiteElo "2705"]
[BlackElo "2558"]
[TimeControl "180+1"]
[EndTime "14:37:47 PDT"]
[Termination "Meri-Arabidze won on time"]

1. d4 d5 2. c4 c6 3. Nf3 Nf6 4. Nbd2 e6 5. e3 Nbd7 6. b3 Bd6 7. Bb2 Qe7 8. Bd3 Ba3 9. Bxa3 Qxa3 10. O-O O-O 11. Qc2 h6 12. c5 Re8 13. Qc3 a5 14.
Ne1 Qb4 15. Qxb4 axb4 16. Nc2 b6 17. cxb6 c5 18. dxc5 Nxc5 19. Bb5 Bd7 20. Bxd7 Nfxd7 21. Nxb4 Nxb6 22. Rfc1 Rec8 23. Kf1 Kf8 24. Ke2 Ke7 25. Rc2 Kd6 26. Rac1 Ncd7 27. Rc6+ Ke7 28. a4 Rxc6 29. Rxc6 Nc8 30. Nd3 Nd6 31. Nc5 Ne5 32. Rb6 Nd7 33. Nxd7 Kxd7 34. Rb4 Kc6 35. Rg4 g5 36. Rd4 Kc5 37. b4+ Kc6 38. b5+ Kb6 39. Nb3 Nc4 40.
e4 Rxa4 41. exd5 exd5 42. Rxd5 Rb4 43. Nd2 Nxd2 44. Kxd2 Rxb5 45. Rd6+ Kc5 46. Rxh6 1-0

[Event "Late-Titled-Tuesday-Blitz-April-02-2024"]
[Site "Chess.com"]
[Date "2024.04.02"]
[Round "4"]
[White "ATM622"]
[Black "NikitaShnadrygin"]
[Result "0-1"]
[WhiteElo "2533"]
[BlackElo "2667"]
[TimeControl "180+1"]
[EndTime "14:37:48 PDT"]
[Termination "NikitaShnadrygin won on time"]

1. d4 d5 2. c4 Nc6 3. Nf3 Bg4 4. cxd5 Bxf3 5. dxc6 Bxc6 6. Nc3 Nf6 7. f3 e5 8.
dxe5 Nd7 9. e4 Nxe5 10. Bf4 Bd6 11. Bb5 Bxb5 12. Nxb5 Bb4+ 13. Nc3 Nd3+ 14. Kf1 Bxc3 15.
Qa4+ c6 16. Rd1 Bxb2 17. Qc2 Qf6 18. Rxd3 Qxf4 19. Qxb2 O-O 20. Kf2 Rad8 21. g3 Qc7 22. Rhd1 Rxd3 23. Rxd3 h6 24. e5 Qb6+ 25. Qxb6 axb6 26.
Rd7 Ra8 27. Rxb7 Rxa2+ 28. Kg1 Rb2 29. f4 g6 30. h3 h5 31. Rb8+ Kg7 32. Rb7 Kf8 33.
Kh1 c5 34. Rc7 Ke8 35. Kg1 Rc2 36. Rb7 Rb2 37. Rc7 Rb4 38. Kg2 c4 39. Kf3 b5 40.
Ke4 Rb3 41. g4 Rxh3 42. gxh5 gxh5 43. Kf5 c3 44. Kf6 b4 0-1

[Event "Late-Titled-Tuesday-Blitz-April-02-2024"]
[Site "Chess.com"]
[Date "2024.04.02"]
[Round "4"]
[White "Koalaskakistis"]
[Black "djano"]
[Result "1-0"]
[WhiteElo "2541"]
[BlackElo "2647"]
[TimeControl "180+1"]
[EndTime "14:37:48 PDT"]
[Termination "Koalaskakistis won by resignation"]

1. e4 c5 2. Nf3 g6 3. c3 d5 4.
exd5 Qxd5 5. d4 cxd4 6. cxd4 Bg7 7. Nc3 Qd6 8. Nb5 Qd8 9. Bf4 Na6 10. Qa4 Bd7 11. Qb3 Nf6 12. Bc4 O-O 13. O-O Bc6 14.
Ne5 Bd5 15. Rad1 Rc8 16. Nc3 Nc7 17. Nxd5 Ncxd5 18. Bg3 b6 19. Rfe1 e6 20. Bh4 Qd6 21. h3 Rfd8 22. a3 Rc7 23. Bg3 Nh5 24. Bh2 Qe7 25.
Bxd5 Rxd5 26. Nc6 Qd7 27. Bxc7 Qxc7 28. Nb4 Rg5 29. d5 Nf4 30. g3 Nxh3+ 31. Kh2 Rh5 32. Kg2 Qc5 33. Qc2 Qxc2 34. Nxc2 Bxb2 35. d6 Bf6 36. Rh1 Nf4+ 37. gxf4 Rc5 38. Nb4 Rc4 39. d7 Bd8 40. Rc1 Rd4 41. Rhd1 Rxf4 42. Rc8 Rg4+ 43.
Kf3 Rg5 44. Rxd8+ Kg7 45. Rg8+ 1-0

[Event "Late-Titled-Tuesday-Blitz-April-02-2024"]
[Site "Chess.com"]
[Date "2024.04.02"]
[Round "4"]
[White "Supelyel"]
[Black "Szachulec75"]
[Result "1-0"]
[WhiteElo "2416"]
[BlackElo "2045"]
[TimeControl "180+1"]
[EndTime "14:37:48 PDT"]
[Termination "Supelyel won by resignation"]

1. c4 Nf6 2. Nc3 g6 3. g3 Bg7 4. Bg2 d6 5. Nf3 O-O 6. O-O e5 7. d3 Nc6 8. Bg5 Bg4 9. h3 Bxf3 10. Bxf3 h6 11. Bxf6 Bxf6 12. Rb1 Bg7 13. b4 Rb8 14.
b5 Nd4 15. Bg2 f5 16. e3 Ne6 17. Nd5 Kh8 18. Qa4 Ra8 19. Rfe1 g5 20. f4 gxf4 21. exf4 Rg8 22. Kh2 Bf8 23. Qc2 Nd4 24. Qf2 c6 25.
bxc6 bxc6 26. Nc3 Qc7 27. Ne2 Ne6 28. fxe5 dxe5 29. Qxf5 Re8 30. Be4 Ng5 31. h4 Nxe4 32. Qxe4 Bc5 33. Rf1 Rg7 34. Rf5 Reg8 35. Rbf1 Bd6 36.
Nc3 Rg4 37. Qe3 Rxg3 38. Qxh6+ Qh7 39. Rh5 R3g7 40. Qxh7+ Rxh7 41. Rxh7+ Kxh7 42. Ne4 Be7 43. Kh3 Rg7 44. Rf5 Bd8 45. Rxe5 Bc7 46. Rg5 Rd7 47. Nc5 Re7 48. Rf5 Bb6 49. Ne4 Rd7 50. Nf6+ Kg6 51.
Nxd7 Kxf5 52. Nxb6 axb6 53. h5 1-0

[Event "Late-Titled-Tuesday-Blitz-April-02-2024"]
[Site "Chess.com"]
[Date "2024.04.02"]
[Round "4"]
[White "becemix"]
[Black "yaguigor"]
[Result "1/2-1/2"]
[WhiteElo "2471"]
[BlackElo "2618"]
[TimeControl "180+1"]
[EndTime "14:37:51 PDT"]
[Termination "Game drawn - insufficient material"]

1. e4 e5 2. Nf3 Nc6 3. Bb5 f5 4. d4 fxe4 5. Bxc6 dxc6 6. Nxe5 Nf6 7. O-O Be6 8. Nc3 c5 9. dxc5 Qxd1 10. Rxd1 Bxc5 11.
Re1 O-O 12. Be3 Bd6 13. f4 exf3 14. Nxf3 Bd7 15. Rad1 Ng4 16. Bd4 Bc6 17. Ne5 Nxe5 18. Bxe5 Bxe5 19. Rxe5 Rad8 20. Rde1 Rd2 21. R1e2 Rfd8 22.
Rxd2 Rxd2 23. Re2 Rd4 24. Kf2 Kf7 25. Ke3 Rd6 26. Ne4 Bxe4 27. Kxe4 Re6+ 28. Kf3 Rxe2 29. Kxe2 Ke6 30. Kf3 Kd5 31. Kf4 Kd4 32. h4 c5 33.
h5 c4 34. g4 b5 35. g5 a5 36. a3 b4 37. axb4 axb4 38. g6 hxg6 39. hxg6 b3 40. cxb3 cxb3 41. Kf5 Kd5 42. Kf4 Ke6 43. Ke3 Kf5 44. Kd3 Kxg6 45. Kc3 Kf5 46. Kxb3 g5 47. Kc2 g4 48. Kd2 Ke4 49. Ke2 Kd4 50. Kf2 Kc4 51. Kg3 Kb3 52. Kxg4 Kxb2 1/2-1/2

[Event "Late-Titled-Tuesday-Blitz-April-02-2024"]
[Site "Chess.com"]
[Date "2024.04.02"]
[Round "4"]
[White "trriinu"]
[Black "BillCoe"]
[Result "1/2-1/2"]
[WhiteElo "2274"]
[BlackElo "2117"]
[TimeControl "180+1"]
[EndTime "14:37:51 PDT"]
[Termination "Game drawn by repetition"]

1. e4 c5 2. Nf3 e6 3. c3 d5 4.
exd5 Qxd5 5. Na3 Nf6 6. Be2 Be7 7. d4 cxd4 8. Nb5 Qd8 9. Bf4 Nd5 10. Bxb8 Rxb8 11.
Qxd4 a6 12. Qe5 Bd7 13. Nd6+ Bxd6 14. Qxd6 Bc6 15. Qa3 Qe7 16. Qxe7+ Kxe7 17. Nd4 Bd7 18. Bf3 Nf4 19. O-O e5 20. Nb3 Rhc8 21. Rad1 Bc6 22.
Bxc6 Rxc6 23. Rfe1 f6 24. g3 Ng6 25. Nd4 Rc7 26.
Nf5+ Ke6 27. g4 Nf4 28. Rd6+ Kf7 29. Red1 Ne6 30. Rd7+ Rxd7 31. Rxd7+ Kf8 32. Re7 Nf4 33. Rxg7 Rd8 34. h4 Rd1+ 35. Kh2 Rd2 36. Kg3 Rd3+ 37. f3 Rd2 38. h5 Rg2+ 39. Kh4 Rh2+ 40. Kg3 Rg2+ 41.
Kh4 Rxb2 42. Rxh7 Rxa2 43. Rxb7 Rh2+ 44. Kg3 Rg2+ 45. Kh4 Rh2+ 46. Kg3 Rg2+ 47. Kh4 Rh2+ 1/2-1/2

[Event "Late-Titled-Tuesday-Blitz-April-02-2024"]
[Site "Chess.com"]
[Date "2024.04.02"]
[Round "4"]
[White "GodzillaChessYoutube"]
[Black "Truequitos"]
[Result "0-1"]
[WhiteElo "2685"]
[BlackElo "2569"]
[TimeControl "180+1"]
[EndTime "14:37:53 PDT"]
[Termination "Truequitos won by checkmate"]

1. c4 e5 2. e3 Nc6 3. Nc3 g6 4.
g3 Bg7 5. Bg2 d6 6. Nge2 Be6 7.
b3 Nge7 8. Nd5 Bxd5 9. cxd5 Nb4 10. Nc3 Nd3+ 11. Ke2 Nxc1+ 12. Rxc1 c6 13. h4 O-O 14. h5 Qd7 15. Bh3 Qd8 16. hxg6 hxg6 17. Bg2 f5 18. Qg1 Qa5 19. dxc6 bxc6 20. Rh4 d5 21.
Ra4 Qd8 22. Qh2 Qd6 23. Rh1 d4 24. exd4 exd4 25. Nb1 Nd5 26. Kd1 Rfe8 27. Na3 Qe5 28. Nc4 Qe2+ 29. Kc1 Nc3 30. Bxc6 Rac8 31. Bxe8 Ne4 32.
Qh7+ Kf8 33. Kb1 Rxc4 34. Rxc4 Nxd2+ 35. Kc1 Nxc4 36. bxc4 d3 37. Qxg6 Qc2# 0-1

[Event "Late-Titled-Tuesday-Blitz-April-02-2024"]
[Site "Chess.com"]
[Date "2024.04.02"]
[Round "4"]
[White "ural58"]
[Black "laskakid"]
[Result "1-0"]
[WhiteElo "2483"]
[BlackElo "2296"]
[TimeControl "180+1"]
[EndTime "14:37:54 PDT"]
[Termination "ural58 won on time"]

1. e4 d6 2. d4 Nf6 3. Nc3 e5 4. dxe5 dxe5 5. Qxd8+ Kxd8 6. Bd2 Be6 7. Nf3 Bd6 8. Ng5 Ke7 9. Nxe6 fxe6 10. f3 a6 11. h4 Nc6 12. O-O-O Rhb8 13. g4 Nd4 14. g5 Nh5 15.
Rh3 Rf8 16. Bg2 Nf4 17. Bxf4 Rxf4 18. Rd3 Raf8 19. Kd2 c5 20. Ne2 R4f7 21. c3 c4 22. Nxd4 cxd3 23. Nb3 Rd8 24. Nc1 Ke8 25. Nxd3 Bb8 26.
Bf1 Rfd7 27. a4 Kf7 28. Kc2 Ke7 29. Be2 Bc7 30. Rh1 Bb8 31. b3 Bc7 32. Rb1 Bb8 33. b4 Rc8 34. Kd2 Rcd8 35. b5 axb5 36. Rxb5 Rc8 37. Kc2 Rdc7 38. Rb3 Rd7 39. Kb2 Rcd8 40. c4 Rc8 41. Kc3 Rcd8 42. Rb5 Ba7 43. c5 Bb8 44. a5 Rd4 45. Rxb7+ R4d7 46. c6 Rc7 47. Nc5 Ke8 48. Bb5 Rdc8 49. Nxe6 Rxc6+ 50. Kb4 Bd6+ 51. Ka4 1-0

[Event "Late-Titled-Tuesday-Blitz-April-02-2024"]
[Site "Chess.com"]
[Date "2024.04.02"]
[Round "4"]
[White "ploxoi"]
[Black "chess_sharparchitect"]
[Result "1-0"]
[WhiteElo "2474"]
[BlackElo "2282"]
[TimeControl "180+1"]
[EndTime "14:37:55 PDT"]
[Termination "ploxoi won on time"]

1. d4 Nf6 2. Nf3 d5 3. c4 e6 4. g3 c5 5. cxd5 exd5 6. Bg2 Nc6 7.
O-O cxd4 8. Nxd4 Bc5 9. Nf3 O-O 10. Qc2 Bb6 11. Bg5 h6 12. Bf4 Nh5 13. Bd2 Bg4 14. Rd1 Qd7 15. Nc3 Bf5 16. Qb3 Rad8 17. a4 Na5 18. Qb5 Qxb5 19. Nxb5 Nb3 20. Ra3 Bc2 21. Re1 a6 22. Nc3 d4 23. Na2 Rfe8 24. Nb4 Nxd2 25. Nxc2 Nxf3+ 26. Bxf3 Nf6 27. Rd1 Re7 28. Rb3 Rd6 29.
Rbd3 Red7 30. Na3 Bc5 31. Nc4 Re6 32. Nd2 b5 33. Nb3 Ba7 34. axb5 axb5 35. Nxd4 Bxd4 36. Rxd4 Rc7 37. R1d2 Ra6 38. Rd8+ Kh7 39. Rb8 Rc5 40. b4 Re5 41. Kg2 Ra4 42. Rd4 Ne8 43. Rb7 Kg6 44. Bc6 Rxe2 45. Bxb5 Raa2 46. Bxe2 Rxe2 47.
Rb6+ f6 48. Rc6 Kf5 49. Rd8 g5 50. b5 Ng7 51. b6 Rb2 52. Rd7 Nh5 53. b7 1-0

[Event "Late-Titled-Tuesday-Blitz-April-02-2024"]
[Site "Chess.com"]
[Date "2024.04.02"]
[Round "4"]
[White "Kiborg95"]
[Black "Oleksandr_Bortnyk"]
[Result "0-1"]
[WhiteElo "2848"]
[BlackElo "3047"]
[TimeControl "180+1"]
[EndTime "14:37:57 PDT"]
[Termination "Oleksandr_Bortnyk won by resignation"]

1. e4 Nf6 2. d3 d5 3. Nd2 Nc6 4.
Ngf3 e5 5. c3 Be6 6. Be2 dxe4 7.
dxe4 Bd6 8. O-O O-O 9. Qc2 Qe7 10.
b4 a5 11. b5 Na7 12. a4 Nc8 13. Nc4 Bxc4 14. Bxc4 Nb6 15. Bb3 Bc5 16. Nh4 Ne8 17. Nf5 Qf6 18. h4 h6 19. g3 Nd6 20. Ne3 Qg6 21. Kg2 Qxe4+ 22. Qxe4 Nxe4 23. Nd5 Rad8 24. c4 Nxd5 25. cxd5 Rfe8 26. Ra2 b6 27. Rc2 Kf8 28. Re1 Nf6 29. Rd1 Rd7 30. Bb2 Bd6 31. Re2 Ree7 32. Rde1 Rd8 33. Bxe5 Bxe5 34. Rxe5 Rxe5 35. Rxe5 Nd7 36.
Rf5 Nc5 37. Bc2 Re8 38. Kf1 Ke7 39. Rf4 g6 40. h5 g5 41. Rf5 f6 42. f4 Rf8 43. Kf2 Nb7 44. fxg5 fxg5 45. Rxf8 Kxf8 46. Ke3 Ke7 47. Kd4 Kf6 48. g4 Nd6 49. Bd3 Nf7 50.
Be4 Ne5 51. Bf5 Nf3+ 52. Ke3 Ne5 53. Kd4 Nf7 54. Be6 Nd6 55. Bd7 Ke7 56. Be6 Nb7 57. Bf5 Kd6 58. Be4 Nc5 59. Bc2 Nd7 60. Bd3 Nf6 61.
Be2 Nxd5 62. Ke4 Nc3+ 0-1

[Event "Late-Titled-Tuesday-Blitz-April-02-2024"]
[Site "Chess.com"]
[Date "2024.04.02"]
[Round "4"]
[White "moro182"]
[Black "BogdanDeac"]
[Result "0-1"]
[WhiteElo "2894"]
[BlackElo "3111"]
[TimeControl "180+1"]
[EndTime "14:37:58 PDT"]
[Termination "BogdanDeac won by checkmate"]

1. d4 Nf6 2. Bf4 e6 3. e3 c5 4. Nf3 Nc6 5. Nbd2 h6 6. h3 d5 7. c3 Bd6 8. dxc5 Bxc5 9. Bd3 O-O 10. O-O Re8 11. e4 e5 12. Bh2 d4 13. Nb3 Qb6 14.
cxd4 Bxd4 15. Nbxd4 Nxd4 16. Nxe5 Be6 17. Qa4 Rad8 18.
b3 Bxh3 19. Rad1 Ng4 20. Nxg4 Bxg4 21. Rd2 Bd7 22. Qa3 Qg6 23. Bg3 h5 24. Qxa7 Bc6 25. e5 Qg5 26. Bh7+ Kxh7 27. Rxd4 Ra8 28. Qc5 Rxa2 29. Qc4 Qg6 30. Rf4 Re6 31. Qc3 Re2 32. Rd4 Rc2 33. Qe3 Ra2 34. Qf4 Re2 35. Rd6 Re4 36. Qd2 Rg4 37. Rxe6 fxe6 38. Qe3 h4 39. Rd1 hxg3 40. f3 Rh4 41. Rd4 Rxd4 42. Qxd4 Qb1+ 43. Qd1 Qxd1# 0-1

[Event "Late-Titled-Tuesday-Blitz-April-02-2024"]
[Site "Chess.com"]
[Date "2024.04.02"]
[Round "4"]
[White "ArtemDyachuk"]
[Black "ValeriyGrinev"]
[Result "0-1"]
[WhiteElo "2778"]
[BlackElo "2598"]
[TimeControl "180+1"]
[EndTime "14:37:58 PDT"]
[Termination "ValeriyGrinev won on time"]

1. d4 c5 2. d5 Nf6 3. Nc3 g6 4. e4 d6 5. Be2 Bg7 6. Nf3 O-O 7. O-O Na6 8. a4 Nc7 9. a5 Bg4 10. Nd2 Bxe2 11. Qxe2 Rb8 12. Nc4 b5 13. axb6 axb6 14. Rd1 Nd7 15. Bf4 Re8 16. e5 b5 17. Na5 Nxe5 18.
Bxe5 Bxe5 19. Nc6 Qd7 20. Nxe5 dxe5 21. Qxe5 Qd6 22. Qe3 b4 23. Ne4 Qe5 24. Nxc5 Qxb2 25. Qf3 Rbd8 26. Rab1 Qxc2 27. Rdc1 Qf5 28. Qxf5 gxf5 29.
Nb7 Rd7 30. Rxb4 Nxd5 31. Rb3 Nf4 32. Kf1 Rb8 33. Rcb1 Rc7 34. g3 Ne6 35. Rb5 f4 36.
Kg2 fxg3 37. hxg3 Rc2 38. Na5 Rxb5 39. Rxb5 Kg7 40. Rb7 Kf6 41. Ra7 Ng5 42. Kf1 Ne4 43.
Nb7 Rxf2+ 44. Kg1 Rc2 45. Ra3 Rc3 46. Ra6+ e6 47. Nd8 Rxg3+ 48. Kh2 Rd3 49. Ra7 Rxd8 50. Ra4 Kf5 51. Kh3 f6 52. Kh4 Rd1 53. Kh3 e5 54.
Kg2 Kf4 55. Ra3 Rd2+ 56. Kg1 f5 57. Rh3 Ng5 58. Ra3 e4 59. Kf1 e3 60. Ra1 Kf3 61.
Kg1 Nh3+ 62. Kh1 Rd1+ 63. Rxd1 Nf2+ 0-1

[Event "Late-Titled-Tuesday-Blitz-April-02-2024"]
[Site "Chess.com"]
[Date "2024.04.02"]
[Round "4"]
[White "ahkashefi2800"]
[Black "Joshuachick"]
[Result "0-1"]
[WhiteElo "2595"]
[BlackElo "2879"]
[TimeControl "180+1"]
[EndTime "14:38:00 PDT"]
[Termination "Joshuachick won by checkmate"]

1. Nf3 g6 2. g3 Bg7 3. d4 b6 4. Bg2 Bb7 5. b3 f5 6. Bb2 Nf6 7. O-O O-O 8. c4 e6 9. Nc3 Ne4 10. Rc1 Qe7 11. d5 Na6 12. Nd4 Nac5 13. Nxe4 Nxe4 14. dxe6 c5 15. Ba3 dxe6 16. Nf3 g5 17.
Qc2 g4 18. Ne1 Ng5 19. f3 h5 20. Bb2 Rad8 21. Nd3 e5 22. Rce1 f4 23. gxf4 exf4 24. Bxg7 Qxg7 25. fxg4 Bxg2 26. Kxg2 Qb7+ 27. e4 fxe3+ 28.
Kg3 Rf3+ 29. Kh4 Rh3+ 30. Kxg5 Qg7+ 31. Kf5 Rf8+ 32. Ke6 Re8+ 33. Kd6 Rd8+ 34. Ke6 Qd7+ 35. Ke5 Qd4+ 36. Ke6 hxg4 37. Ne5 Rh6+ 38. Ng6 Qd6+ 39.
Kf5 Qxg6+ 40. Kf4 Qxc2 41. Rxe3 Rf8+ 42. Kg5 Qg6# 0-1

[Event "Late-Titled-Tuesday-Blitz-April-02-2024"]
[Site "Chess.com"]
[Date "2024.04.02"]
[Round "4"]
[White "ellennilssen"]
[Black "zsizsi99"]
[Result "0-1"]
[WhiteElo "2312"]
[BlackElo "2502"]
[TimeControl "180+1"]
[EndTime "14:38:00 PDT"]
[Termination "zsizsi99 won by resignation"]

1. Nf3 Nf6 2. b3 d5 3. Bb2 c5 4. e3 Nc6 5. c4 e6 6. cxd5 exd5 7. d4 Bg4 8. Be2 Be7 9. O-O O-O 10. Nbd2 b6 11. Rc1 Rc8 12. h3 Bf5 13. Ba6 Rc7 14.
Qe2 h6 15. dxc5 bxc5 16. Ne5 Nb4 17. a3 Nxa6 18. Qxa6 Qd6 19. Qxd6 Bxd6 20. Ndf3 Rb8 21. b4 cxb4 22. axb4 Rxc1 23. Rxc1 Rxb4 24. Ba3 Rb6 25. Bxd6 Rxd6 26. Nd4 Be6 27. Rc7 Ra6 28. Nec6 Ra1+ 29. Kh2 a6 30. Ra7 Ra2 31. f3 Ra3 32. Nxe6 fxe6 33. Ra8+ Kh7 34. Nd4 Rxe3 35. Rxa6 e5 36.
Nf5 Re2 37. Ra7 Nh5 38. h4 d4 39. Kh3 Nf4+ 40. Kh2 Rxg2+ 41. Kh1 d3 42. Rd7 d2 43. h5 Re2 44. Ne7 Re1+ 45. Kh2 d1=Q 46. Rxd1 Rxd1 47. Ng6 Nxg6 48. hxg6+ Kxg6 49. Kg3 Kf5 50. Kf2 Kf4 51. Kg2 Rd2+ 52. Kf1 Kxf3 53. Ke1 Rd3 0-1

[Event "Late-Titled-Tuesday-Blitz-April-02-2024"]
[Site "Chess.com"]
[Date "2024.04.02"]
[Round "4"]
[White "Aygehovit1992"]
[Black "Njal28"]
[Result "0-1"]
[WhiteElo "2868"]
[BlackElo "3063"]
[TimeControl "180+1"]
[EndTime "14:38:01 PDT"]
[Termination "Njal28 won by checkmate"]

1. e4 c5 2. Nf3 Nc6 3. Bb5 e6 4. c3 d5 5. exd5 Qxd5 6. d4 cxd4 7. Bxc6+ Qxc6 8. Qxd4 Nf6 9. Be3 Be7 10. O-O O-O 11. Nbd2 b6 12. Ne5 Qd5 13. c4 Qxd4 14. Bxd4 Bb7 15. Rfd1 Rfd8 16. Bc3 Rac8 17. a4 a5 18.
Rac1 Kf8 19. b3 Ba3 20. Ra1 Bc5 21. Kf1 Ke8 22. h3 Ne4 23. Nxe4 Bxe4 24. Rdc1 f6 25.
Nf3 e5 26. Ne1 Rd7 27. Ra2 Rcd8 28. Re2 Bg6 29. f4 Rd1 30. Rxd1 Rxd1 31. fxe5 Bd3 32. exf6+ Kf7 33. fxg7 Rc1 34. Bd2 Rb1 35. g4 Kxg7 36.
h4 Bb4 37. Bxb4 axb4 38. Kf2 Bxe2 39. Kxe2 Rxb3 40. Nd3 Kf6 41. Ke3 Ra3 42. Kd4 b3 43. Nb2 Ra1 44. Kc3 Rh1 45. g5+ Ke6 46. Kxb3 Rxh4 47.
Kb4 Kd6 48. Nd3 Rg4 49. Kb5 Kc7 50. Nb4 Rxg5+ 51. Ka6 Ra5# 0-1

[Event "Late-Titled-Tuesday-Blitz-April-02-2024"]
[Site "Chess.com"]
[Date "2024.04.02"]
[Round "4"]
[White "Dhaydon19"]
[Black "biostatistician"]
[Result "0-1"]
[WhiteElo "2652"]
[BlackElo "2553"]
[TimeControl "180+1"]
[EndTime "14:38:01 PDT"]
[Termination "biostatistician won by checkmate"]

1. d4 Nf6 2. c4 g6 3. Nf3 Bg7 4. g3 b6 5. Bg2 Bb7 6. O-O O-O 7. Nc3 Ne4 8. Qd3 Nxc3 9. bxc3 c6 10. a4 Ba6 11. Nd2 d5 12. Qc2 dxc4 13. Qa2 e5 14. e3 Qc7 15. Nxc4 Nd7 16. Rd1 Rfd8 17. Ba3 Nf8 18. Rac1 Rac8 19. Nb2 Ne6 20. Nd3 c5 21. Nxe5 Bxe5 22. dxe5 Qxe5 23. c4 Rxd1+ 24. Rxd1 Rd8 25. Rd5 Qc3 26. Rxd8+ Nxd8 27. Bd5 Bb7 28. Qb2 Qxb2 29. Bxb2 Bxd5 30. cxd5 f5 31.
f3 Nf7 32. Kf2 Nd6 33. Be5 Nc4 34. Bc3 Nd6 35. Ke2 Kf7 36. Kd3 a6 37. e4 fxe4+ 38.
fxe4 b5 39. e5 Nc4 40. h4 Ke7 41. Ke4 b4 42. Be1 b3 43. Bc3 b2 44. Bxb2 Nxb2 45.
e6 Kf6 46. g4 Nxa4 47. g5+ Ke7 48. Ke5 Nb6 49. d6+ Ke8 50. h5 gxh5 51. Kf6 h4 52.
Kg7 h3 53. Kxh7 h2 54. g6 h1=Q+ 55. Kg7 c4 56. d7+ Nxd7 57. exd7+ Kxd7 58. Kg8 c3 59. g7 c2 60. Kf8 Qf3+ 61. Kg8 c1=Q 62. Kh8 Qch1+ 63.
Kg8 Qd5+ 64. Kf8 Qhf3# 0-1

[Event "Late-Titled-Tuesday-Blitz-April-02-2024"]
[Site "Chess.com"]
[Date "2024.04.02"]
[Round "4"]
[White "arenal72"]
[Black "cedchass2006"]
[Result "1-0"]
[WhiteElo "2603"]
[BlackElo "2420"]
[TimeControl "180+1"]
[EndTime "14:38:05 PDT"]
[Termination "arenal72 won by resignation"]

1. Nf3 d5 2. g3 Nf6 3. Bg2 e6 4. O-O Be7 5. d3 Nc6 6. Nbd2 e5 7. e4 O-O 8. c3 dxe4 9. Nxe4 Nxe4 10. dxe4 Qxd1 11. Rxd1 Bg4 12. h3 Be6 13. Ng5 Bxg5 14. Bxg5 f6 15. Be3 Rfd8 16. b3 b6 17. Bf1 a5 18.
Kg2 Rxd1 19. Rxd1 Rd8 20. Rxd8+ Nxd8 21. Bb5 Kf7 22. f4 exf4 23. Bxf4 c6 24. Bd3 b5 25.
e5 f5 26. Kf3 Nb7 27. Bc2 Nc5 28. Be3 Na6 29. Bb6 a4 30. bxa4 b4 31. Ba5 bxc3 32. Bxc3 g6 33. a3 Bd5+ 34. Ke3 Ke6 35. a5 c5 36. Bd3 c4 37. Bc2 Bg2 38. h4 Nc5 39.
Bd4 Nb3 40. a6 Bc6 41. a7 h6 42. Bb6 g5 43. hxg5 hxg5 44. Bd8 Kxe5 45. Bxg5 Nd4 46. Bf6+ Kxf6 47. Kxd4 Kg5 48. Kxc4 Kg4 49. Kc5 Ba8 50. a4 Kxg3 51. Bxf5 Kf4 52. Bd7 Ke5 53. Bc6 Bxc6 54. Kxc6 Kd4 55. a8=Q Kc4 56. a5 Kb4 57. a6 1-0

[Event "Late-Titled-Tuesday-Blitz-April-02-2024"]
[Site "Chess.com"]
[Date "2024.04.02"]
[Round "4"]
[White "Msb2"]
[Black "temus_galaktionov"]
[Result "1-0"]
[WhiteElo "3041"]
[BlackElo "2846"]
[TimeControl "180+1"]
[EndTime "14:38:08 PDT"]
[Termination "Msb2 won by resignation"]

1. d4 c6 2. c4 g6 3. Nc3 Bg7 4. e4 d6 5. Be2 Nd7 6. Nf3 e5 7. Be3 Ngf6 8. O-O Qe7 9. Qc2 O-O 10. Rad1 Re8 11. d5 c5 12. Ne1 Rf8 13. Nd3 Ne8 14.
b4 b6 15. bxc5 bxc5 16. Kh1 f5 17. f4 exf4 18. Nxf4 Ne5 19. Ne6 Bxe6 20. dxe6 Qxe6 21. Nd5 Rb8 22. exf5 gxf5 23. Nf4 Qe7 24. Bd2 Nc7 25. Bc3 Rb6 26. Ba5 Rbb8 27. Bxc7 Qxc7 28. Ne6 Qe7 29. Nxf8 Rxf8 30. Rxf5 Rb8 31. Bf3 Nxf3 32. Rxf3 Be5 33. Qf5 Kh8 34. Rdf1 a5 35. Qh5 Bg7 36. Rf7 Qe6 37. h3 Qxc4 38. Qg5 Qd4 39. Re1 c4 40. Rd7 Rg8 41. Rd8 Qf6 42. Rxg8+ Kxg8 43. Qd5+ Qf7 44. Qxd6 c3 45. Qc6 h6 46. a4 Qf2 47.
Re8+ Bf8 48. Qg6+ Kh8 49. Qxh6+ Kg8 50. Qg5+ Kf7 51. Qh5+ Kg7 52. Qe5+ Kf7 53. Rc8 Be7 54. Rxc3 Qf1+ 55. Kh2 Qb1 56. Rf3+ Ke8 57. Re3 1-0

[Event "Late-Titled-Tuesday-Blitz-April-02-2024"]
[Site "Chess.com"]
[Date "2024.04.02"]
[Round "4"]
[White "esrosenberg"]
[Black "martabartel"]
[Result "1-0"]
[WhiteElo "2454"]
[BlackElo "2224"]
[TimeControl "180+1"]
[EndTime "14:38:11 PDT"]
[Termination "esrosenberg won on time"]

1. d4 Nf6 2. c4 g6 3. Nc3 d5 4. Bf4 Bg7 5. e3 O-O 6. Rc1 c5 7. dxc5 Qa5 8. cxd5 Ne4 9. Ne2 Nxc5 10. Nd4 Rd8 11.
Bc4 e5 12. dxe6 Nxe6 13. Qb3 Nxd4 14. Bxf7+ Kh8 15. exd4 Nc6 16. O-O Nxd4 17. Qc4 b5 18.
Qc5 Bb7 19. Bc7 Rdc8 20. Bxa5 Rxc5 21. Rfd1 Rxc3 22. Bxc3 Ne2+ 23. Kf1 Nxc1 24. Rxc1 Rf8 25. Be6 Bxc3 26. Rxc3 Re8 27. Bd7 Rd8 28. Bxb5 Rd1+ 29.
Ke2 Rb1 30. Rc2 Bxg2 31. Rc8+ Kg7 32. Rc7+ Kf6 33. Rxa7 Rxb2+ 34. Ke3 Rxb5 35. Rxh7 Ra5 36. h4 Ra3+ 37. Kf4 Rxa2 38. Kg3 Be4 39. h5 gxh5 40. Rxh5 Bg6 41. Rc5 Ra3+ 42. f3 Ra4 43. Rc6+ Kg7 44. f4 Bf5 45. Rd6 Ra3+ 46. Kh4 Kf7 47.
Kg5 Bh3 48. Rb6 Bf1 49. f5 Ra5 50. Rb7+ Kf8 51. Kf6 Ra6+ 52. Kg5 Bd3 53. f6 Ra5+ 54. Kh6 1-0

[Event "Late-Titled-Tuesday-Blitz-April-02-2024"]
[Site "Chess.com"]
[Date "2024.04.02"]
[Round "4"]
[White "GMG"]
[Black "lilylg"]
[Result "1/2-1/2"]
[WhiteElo "2781"]
[BlackElo "2233"]
[TimeControl "180+1"]
[EndTime "14:38:12 PDT"]
[Termination "Game drawn by stalemate"]

1. d4 d5 2. Nf3 c6 3. c4 e6 4.
Nbd2 f5 5. g3 Nf6 6. Bg2 Bd6 7.
O-O O-O 8. Ne1 b6 9. b3 Bb7 10. Nd3 Nbd7 11. Nf3 Qe7 12. Nfe5 c5 13. Nxd7 Qxd7 14.
dxc5 bxc5 15. cxd5 exd5 16. Bf4 Bxf4 17. Nxf4 d4 18.
Bxb7 Qxb7 19. Qc2 Ne4 20. Rfe1 Qf7 21. Qc4 Qxc4 22. bxc4 Rfb8 23. Nd3 Rb6 24. Rac1 Rc8 25. e3 Nc3 26. exd4 cxd4 27. c5 Ra6 28. Rc2 Rxa2 29.
Rxa2 Nxa2 30. Ra1 Nc3 31. Rxa7 Ne4 32. Ra4 Rc7 33. Rc4 Kf7 34. Kg2 Ke6 35. Nf4+ Ke5 36. c6 Kd6 37. Rxd4+ Kxc6 38. g4 Rf7 39. gxf5 Nd6 40.
Rd3 Nxf5 41. Ne2 Rd7 42. Rxd7 Kxd7 43. Ng3 Ke6 44. Kf3 Nxg3 45. fxg3 Kf5 46. h3 Kg5 47. Ke4 Kf6 48. Kf4 g5+ 49. Ke4 Kg6 50. Ke5 Kh5 51. Kf5 h6 52. Kf6 g4 53. h4 1/2-1/2

[Event "Late-Titled-Tuesday-Blitz-April-02-2024"]
[Site "Chess.com"]
[Date "2024.04.02"]
[Round "4"]
[White "DeArron_Fox"]
[Black "XDPS"]
[Result "0-1"]
[WhiteElo "2529"]
[BlackElo "2913"]
[TimeControl "180+1"]
[EndTime "14:38:14 PDT"]
[Termination "XDPS won by resignation"]

1. d4 d5 2. c4 e6 3. Nc3 Nf6 4. cxd5 exd5 5. Bg5 c6 6. e3 h6 7. Bh4 Bd6 8. Bd3 O-O 9. Nf3 Be6 10. O-O Nbd7 11.
Rc1 a5 12. Qc2 Re8 13. Nd2 Bxh2+ 14. Kh1 Bd6 15. f4 Bg4 16. Rce1 b5 17. Nf3 Qb6 18. Ne5 h5 19. Bf5 Qb7 20. a3 b4 21. axb4 axb4 22. Ne2 b3 23. Qb1 c5 24. Ng3 cxd4 25.
exd4 Bb4 26. Re3 Bd2 27. Rd3 Ba5 28. Re3 Nf8 29. Bxf6 gxf6 30. Nxg4 hxg4 31. Rxe8 Rxe8 32. Bxg4 Qb4 33. Qf5 Qxd4 34. Nh5 Bd8 35. Rd1 Qxb2 36. Qxd5 Ng6 37. Bf5 Nh4 38. Bd7 Rf8 39. Bh3 Ng6 40. Qd3 Be7 41. Rb1 Qc2 42. Qxb3 Qf2 43. Qf3 Qh4 44. Rf1 f5 45. Ng3 Bf6 46. Nxf5 Qh7 47. Qg4 Kh8 48. Ne3 Rg8 49. Qf5 Bd8 50. Nd5 Rf8 51. Re1 Qh4 52. Ne3 Qxe1+ 0-1